 Dungeon Crawl Stone Soup version 0.16-a0-3338-g714714c (webtiles) character file.

120 stonewall the Insei (level 4, 0/35 HPs)
             Began as a Mummy Monk on Dec 28, 2014.
             Fell down a flight of stairs (1 damage)
             ... on level 3 of the Dungeon.
             The game lasted 00:04:07 (4065 turns).

stonewall the Insei (Mummy Monk)                    Turns: 4065, Time: 00:04:07

Health: 0/35       AC:  0    Str: 14    XL:     4   Next: 75%
Magic:  4/4        EV: 13    Int:  9    God:
Gold:   71         SH:  0    Dex: 15    Spells: 0 memorised, 3 levels left

rFire  x . .     SeeInvis +       - Unarmed
rCold  + . .     Clarity  .     (no armour)
rNeg   + + +     SustAb   .     (no shield)
rPois  ∞         Gourm    .     (no helmet)
rElec  .         Spirit   .     (no cloak)
rCorr  .         Warding  .     (no gloves)
rMut   .         Stasis   .     (no boots)
MR     .....                    (no amulet)
Stlth  +.........               (no ring)
                                a - ring of see invisible

@: confused, not resistant to hostile enchantments, very unstealthy
A: no food or potions, fire vulnerability, restore body, cold resistance 1,
negative energy resistance 3, poison resistance, torment resistance, unbreathing
a: no special abilities


You were on level 3 of the Dungeon.
You were not hungry.

You visited 1 branch of the dungeon, and saw 3 of its levels.

You collected 71 gold pieces.

Inventory:

Jewellery
 a - a ring of see invisible (left hand)
Magical devices
 c - a wand of slowing (30)
Scrolls
 b - a scroll of identify {unknown}
 d - a scroll of random uselessness {unknown}
 e - a scroll of enchant armour {unknown}
 f - a scroll of remove curse {unknown}


   Skills:
 - Level 3.0 Fighting
 - Level 2.4 Dodging
 - Level 1.5 Stealth
 + Level 5.1 Unarmed Combat


You had 3 spell levels left.
You didn't know any spells.

Dungeon Overview and Level Annotations

Branches:
Dungeon (3/15)

Altars:
Cheibriados
Kikubaaqudgha
Vehumet
The Shining One

Annotations:
D:3 Robin


Innate Abilities, Weirdness & Mutations

You do not eat or drink.
Your flesh is vulnerable to fire.
Your flesh is cold resistant.
You are immune to negative energy.
Your system is resistant to poisons.
You are immune to unholy pain and torment.
You can survive without breathing.


Message History

The goblin hits you with a dagger. The goblin hits you.
In your confused state, you trip and fall back down the stairs.
The goblin hits you with a club. Robin throws the goblin at you!
* * * LOW HITPOINT WARNING * * *
The goblin hits you.
* * * LOW HITPOINT WARNING * * *
The goblin hits you.
* * * LOW HITPOINT WARNING * * *
The goblin barely misses you.
Unknown command.
Unknown command.
The goblin hits you with a club.
* * * LOW HITPOINT WARNING * * *
Robin says, "Bow before me, strongest of all the hobgoblins!"
The goblin closely misses you. The goblin hits you.
* * * LOW HITPOINT WARNING * * *
The goblin hits you with a dagger.
* * * LOW HITPOINT WARNING * * *
In your confused state, you trip and fall back down the stairs.
You die...

# #[ #. #. #. #.
#.
#######g########
.....ggg@go....#
.....bggg#####.#
.>...ggg.
######.#.# #. .#
#$ .# #. .. #.
.. . .


You could see Robin, an orc, a hobgoblin, 9 goblins and a bat.

Vanquished Creatures
  A giant mite (D:1)
  4 adders (D:2)
  3 worms (D:2)
  An adder skeleton (D:2)
  4 giant geckos
  4 bats (D:1)
  4 goblins
  5 hobgoblins
  3 jackals (D:1)
  11 kobolds
  3 quokkas (D:2)
  4 giant cockroaches
  3 giant newts
  9 rats
59 creatures vanquished.

Notes
Turn   | Place    | Note
--------------------------------------------------------------
     0 | D:1      | stonewall, the Mummy Monk, began the quest for the Orb.
     0 | D:1      | Reached XP level 1. HP: 18/18 MP: 1/1
   335 | D:1      | Reached XP level 2. HP: 6/24 MP: 2/2
   760 | D:1      | Reached skill level 4 in Unarmed Combat
  1159 | D:1      | Reached XP level 3. HP: 29/29 MP: 3/3
  2325 | D:2      | Found an ancient bone altar of Kikubaaqudgha.
  2636 | D:2      | Reached XP level 4. HP: 22/35 MP: 4/4
  3610 | D:2      | Reached skill level 5 in Unarmed Combat
  3689 | D:2      | Found a snail-covered altar of Cheibriados.
  3935 | D:2      | Found a radiant altar of Vehumet.
  3936 | D:2      | Found a glowing golden altar of the Shining One.
  4059 | D:3      | Noticed Robin
  4064 | D:3      | HP: 1/35 [goblin/dagger[Robin] (4)]
  4065 | D:3      | Fell down a flight of stairs

Action                   |  1- 3 |  4- 6 || total
-------------------------+-------+-------++-------
Melee: Unarmed           |   182 |    67 ||   249
 Stab: Sleeping          |     1 |     2 ||     3
